 Dungeon Crawl Stone Soup version 0.29-a0-732-g3d7fbe0af2 (webtiles) character file.

Game seed: 2145899039393357297

2 blackman the Sneak (level 1, -3/18 HPs)
             Began as a Human Delver on June 30, 2022.
             Slain by a centaur (4 damage)
             ... on level 6 of the Dungeon.
             The game lasted 00:00:35 (219 turns).

blackman the Sneak (Human Delver)                    Turns: 219, Time: 00:00:35

Health: -3/18      AC:  3    Str: 12    XL:     1   Next: 33%
Magic:  1/1        EV: 12    Int: 10    God:
Gold:   0          SH:  0    Dex: 14    Spells: 0/0 levels left

rFire   . . .      SeeInvis .   a - +0 hand axe
rCold   . . .      Faith    .   (no shield)
rNeg    . . .      Spirit   .   b - +0 leather armour
rPois   .          Reflect  .   (no helmet)
rElec   .          Harm     .   (no cloak)
rCorr   .          Rampage  .   (no gloves)
Will    .....                   (no boots)
Stlth   +++.......              (no amulet)
HPRegen 0.06/turn               (no ring)
MPRegen 0.07/turn               (no ring)

@: no status effects
A: no striking features
a: no special abilities


You were on level 6 of the Dungeon.
You visited 1 branch of the dungeon, and saw 2 of its levels.

Inventory:

Hand Weapons
 a - a +0 hand axe (weapon)
Armour
 b - a +0 leather armour (worn)
Wands
 g - a wand of digging (3)
Scrolls
 c - a scroll of fog
 d - a scroll of magic mapping
 e - a scroll of fear
 h - a scroll of identify {unknown}
Potions
 f - a potion of haste


   Skills:
 - Level 3.0 Fighting
 + Level 2.2 Axes
 - Level 2.0 Dodging
 - Level 5.0 Stealth


You couldn't memorise any spells.
You didn't know any spells.
Your spell library was empty.

Dungeon Overview and Level Annotations

Branches:
Dungeon (6/15)
 Temple: D:4-7

Altars:


Message History

You hit the centaur.
The centaur is severely wounded.
The centaur barely misses you. The centaur completely misses you.
The centaur hits you.
The centaur kicks you but does no damage.
You hit the centaur.
The centaur is severely wounded.
The centaur closely misses you. The centaur kicks you.
The centaur closely misses you. The centaur completely misses you.
You hit the centaur.
The centaur is almost dead.
The centaur barely misses you. The centaur kicks you. The centaur hits you.
The centaur barely misses you.
You hit the centaur but do no damage.
The centaur is almost dead.
The centaur barely misses you.
The centaur kicks you but does no damage.
You closely miss the centaur.
The centaur is almost dead.
The centaur closely misses you. The centaur barely misses you.
The centaur completely misses you. The centaur closely misses you.
You barely miss the centaur.
The centaur is almost dead.
The centaur closely misses you. The centaur kicks you.
The centaur closely misses you. The centaur barely misses you.
You hit the centaur but do no damage.
The centaur is almost dead.
The centaur hits you.
* * * LOW HITPOINT WARNING * * *
The centaur barely misses you. The centaur closely misses you.
The centaur barely misses you.
You closely miss the centaur.
The centaur is almost dead.
The centaur closely misses you. The centaur misses you.
The centaur closely misses you.
The centaur kicks you but does no damage.
You barely miss the centaur.
The centaur is almost dead.
The centaur hits you.
You die...

$.. #..# ....
#..# .... ..$##
..... .....#
.....##..#.# #
....$....#.#.#
.......c.#.#.
.......@##.#
#.#####.##.#
#....#.# #
#.###..# ...
#..#
###.###.#.......
#.....########
.....#...#
####<..#.#


You could see a centaur.

Vanquished Creatures
  An orc (D:6)
1 creature vanquished.

Notes
Turn   | Place    | Note
-------+----------+-------------------------------------------
     0 | D:5      | blackman the Human Delver began the quest for the Orb.
     0 | D:5      | Reached XP level 1. HP: 18/18 MP: 1/1
    13 | D:5      | Noticed an ogre
    20 | D:5      | Noticed an orc priest
   203 | D:6      | Noticed a centaur
   219 | D:6      | Slain by a centaur

Illustrated notes

Levels and vault maps discovered:
D:5:      layout_rooms, chequers_serial_rivers_small_a, nicolae_shop_clearance,
          uniq_grinder, uniq_edmund, uniq_eustachio
D:6:      layout_loops_ring, chequers_temple_overflow_minitemple,
          serial_co_window_serial, co_window_paths_a, co_window_paths_a,
          co_window_paths_a, co_window_paths_a, co_window_paths_a,
          co_window_unsneaky_path_a, co_window_broadway_a,
          co_window_unsneaky_path_b, co_window_2corner,
          co_window_unsneaky_path_b, glass_columns_a, uniq_blork_the_orc

Action                   || total
-------------------------++-------
Melee: Hand axe          ||    20
 Stab: Sleeping          ||     1
Armor: Leather armour    ||     8
Dodge: Dodged            ||    36

Table legend: (Time is in decaauts)
 A = Elapsed time spent in this place.
 B = Non-inter-level travel time spent in this place.
 C = Inter-level travel time spent in this place.
 D = Time resting spent in this place.
 E = Time spent auto-exploring this place.
 F = Levels seen in this place.
 G = Mean time per level.
                   A        B        C        D        E       F      G
               +--------+--------+--------+--------+--------+-----+--------+
         Total |    222 |    222 |      0 |    141 |     30 |   2 |  111.0 |
       Dungeon |    222 |    222 |      0 |    141 |     30 |   2 |  111.0 |
               +--------+--------+--------+--------+--------+-----+--------+

Top non-repeatable levels by time:
     D:6: 187 daAuts
     D:5: 35 daAuts
